Description

Lambos Standard Pool first into Roaches for 8 worker patch.

Build Order

Get SALT Encoding   

  8  0:00  Drone  
  9  0:11  Drone  
  10  0:18  Drone  
  11  0:26  Overlord  
  11  0:32  Drone  
  12  0:46  Drone x2  
  14  0:51  Drone  
  15  1:01  Drone  
  16  1:06  Spawning Pool  
  15  1:12  Drone  
  16  1:22  Drone  
  17  1:35  Hatchery  
  17  1:42  Extractor  
  17  1:54  Queen  
  20  2:04  Extractor  
  21  2:11  Overlord  
  21  2:31  Queen  
  26  2:50  Metabolic Boost  
  29  3:03  Overlord  
  32  3:13  Hatchery  
  36  3:27  Overlord  
  36  3:31  Queen  
  41  3:49  Queen  
  41  3:52  Overlord  
  41  3:55  Zergling x4  
  46  4:05  Roach Warren  
  46  4:07  Zergling x4  
  47  4:14  Queen  
  49  4:18  Zergling x4  
  60  4:47  Roach  
  60  4:52  Roach x4  
  67  4:53  Extractor  
  75  5:20  Lair  
  86  5:30  Extractor x2  
  86  5:33  Spore Crawler x3  
  88  5:46  Evolution Chamber x2  
  88  5:47  Extractor x2  
  97  6:08  Hatchery  
  96  6:14  Zerg Missile Weapons Level 1, Zerg Ground Armor Level 1  
  96  6:18  Glial Reconstitution  
  96  6:23  Infestation Pit  
  95  6:28  Overseer  
  95  6:29  Roach  
  107  6:46  Extractor x2  
  110  6:54  Roach x3  
  116  7:03  Hive  
  116  7:04  Roach  
  124  7:13  Ravager x3  
  131  7:19  Infestor x2  
  135  7:26  Spore Crawler  
  135  7:27  Infestor  
  135  7:28  Zergling x8  
  160  7:52  Hatchery  
  163  8:08  Spore Crawler x2  
Spawning Tool Build Advisor. Get it on Overwolf

Go to:

Details

  • Created by: Redwood
  • Published on: Sep 05, 2026
  • Modified on: Sep 05, 2026
  • Patch: 5.0.16
  • Difficulty: Easy
Show
View Real Time Build Order
Export as new Build Order

Comments (0)

There are no comments. Be the first!

Create an account to comment!